 Dungeon Crawl Stone Soup version 0.30.0-5-g1a98f26d00 (webtiles) character file.

Game seed: 614210726538892083

28 SnakkuSnakku7 the Magician (level 2, 0/16 HPs)
             Began as a Deep Elf Transmuter on May 11, 2023.
             Constricted to death by a ball python (1 damage)
             ... on level 1 of the Dungeon.
             The game lasted 00:01:27 (453 turns).

SnakkuSnakku7 the Magician (Deep Elf Transmuter)     Turns: 453, Time: 00:01:28

Health: 0/16       AC:  2    Str:  7    XL:     2   Next: 96%
Magic:  1/8        EV:  9    Int: 17    God:
Gold:   59         SH:  0    Dex: 15    Spells: 4/7 levels left

rFire   . . .        a - +0 dagger
rCold   . . .        (no shield)
rNeg    . . .        d - +0 robe
rPois   .            (no helmet)
rElec   .            (no cloak)
rCorr   +            (no gloves)
SInv    .            (no boots)
Will    .....        (no amulet)
Stlth   +            c - ring of resist corrosion
HPRegen 0.22/turn    (no ring)
MPRegen 0.11/turn

%: no passive effects
@: constricted
A: no striking features
a: no special abilities


You were on level 1 of the Dungeon.
You visited 1 branch of the dungeon, and saw 1 of its levels.

You collected 59 gold pieces.

Inventory:

Hand Weapons
 a - a +0 dagger (weapon)
Armour
 d - a +0 robe (worn)
Jewellery
 c - a ring of resist corrosion (left hand)
Scrolls
 e - a scroll of vulnerability {unknown}
 f - a scroll of magic mapping {unknown}
 g - a scroll of teleportation {unknown}
Potions
 b - a potion of ambrosia {unknown}


   Skills:
 - Level 0.7 Fighting
 + Level 1.7 Short Blades
 - Level 2.4 Dodging
 - Level 2.4 Unarmed Combat
 - Level 3.0 Spellcasting
 + Level 2.4 Hexes
 - Level 2.1 Transmutations


You had 4 spell levels left.
You knew the following spells:

 Your Spells              Type           Power      Damage    Failure   Level
a - Beastly Appendage     Tmut           20%        N/A       7%          1
b - Ensorcelled Hibernat  Hex/Ice        12%        N/A       16%         2

Your spell library contained the following spells:

 Spells                   Type           Power      Damage    Failure   Level
 Wereblood                Tmut           10%        N/A       11%         2
 Spider Form              Tmut/Pois      6%         N/A       32%         3
 Anguish                  Hex/Necr       3%         N/A       71%         4
 Ice Form                 Ice/Tmut       6%         N/A       73%         4


Dungeon Overview and Level Annotations

Branches:
Dungeon (1/15)

Altars:


Message History

The ball python misses you.
The ball python attacks as you move away!
The ball python bites you but does no damage.
The ball python barely misses you. The hobgoblin attacks as you move away!
The hobgoblin misses you.
Aiming: Ensorcelled Hibernation (safe; 16% risk of failure)
Press: ? - help, Q - select action, (/) - cycle Shift-Dir - straight line, f/p - hobgoblin
Aim: a hobgoblin, wielding a +0 club (almost dead, chance to affect: 57%)
The hobgoblin resists with significant effort.
The hobgoblin hits you with a +0 club.
Unknown command.
You hit the hobgoblin but do no damage.
The hobgoblin is almost dead.
The hobgoblin hits you with a +0 club.
* * * LOW HITPOINT WARNING * * *
You hit the hobgoblin.
You kill the hobgoblin!
Aiming: Ensorcelled Hibernation (safe; 16% risk of failure)
Press: ? - help, Q - select action, (/) - cycle Shift-Dir - straight line, f - ball python
Aim: a ball python (chance to affect: 57%)
The ball python resists with significant effort.
The ball python closely misses you. The ball python grabs you.
The ball python constricts you.
* * * LOW HITPOINT WARNING * * *
The ball python bites you.
* * * LOW HITPOINT WARNING * * *
The ball python constricts you.
Aiming: Ensorcelled Hibernation (safe; 16% risk of failure)
Press: ? - help, Q - select action, (/) - cycle Shift-Dir - straight line, f/p - ball python
Aim: a ball python (constricting you, chance to affect: 57%)
The ball python resists with significant effort.
The ball python closely misses you. The ball python constricts you.
Unknown command.
You don't have enough magic to cast this spell.
Unknown command.
Unknown command.
You hit the ball python but do no damage.
Your punch misses the ball python. The ball python misses you.
The ball python constricts you.
You die...

...# #.# #......###.#
...# ##.# #........^..
...#
#####..###......###.#
...# #.......†.....###
...# #.##..####.##.# .###
#.....# #.##.# ..###
#...### ##.##.# ....#
#...# ###..##.# ..#.##
#...###..@###.#
..#..###...##..##S...#
..##..##......###....##.#
#..##.........# #.......#
##.##.........# #...#####
##.##.........# #...#
..............# #...#
#...#.........# #...#
..............###...###
#.#


You could see a ball python.

Vanquished Creatures
  A gnoll (D:1)
  2 endoplasms (D:1)
  A giant cockroach (D:1)
  A goblin (D:1)
  4 hobgoblins (D:1)
  3 jackals (D:1)
  A kobold (D:1)
  A ball python (D:1)
14 creatures vanquished.

Notes
Turn   | Place    | Note
-------+----------+-------------------------------------------
     0 | D:1      | SnakkuSnakku7 the Deep Elf Transmuter began the quest for
                  | the Orb.
     0 | D:1      | Reached XP level 1. HP: 11/11 MP: 6/6
    37 | D:1      | Reached skill level 1 in Hexes
    44 | D:1      | Reached skill level 1 in Short Blades
    63 | D:1      | Reached XP level 2. HP: 16/16 MP: 8/8
    66 | D:1      | Learned a level 2 spell: Ensorcelled Hibernation
   453 | D:1      | Constricted to death by a ball python

Illustrated notes

Levels and vault maps discovered:
D:1:      scummos_arrival_simple_crosswalls, layout_rooms

Skill      XL: |  1  2 |
---------------+-------+-----
Hexes          | 1 2 |  2.4
Short Blades   | 1 |  1.7
Fighting       | |  0.7
Dodging        | |  2.4
Unarmed Combat | |  2.4
Spellcasting   | |  3.0
Transmutations | |  2.1

Action                     || total
---------------------------++-------
  Melee: Unarmed           ||    12
         Kick              ||     7
         Dagger            ||    33
         Punch             ||     2
   Cast: Beastly Appendage ||     3
         Ensorcelled Hiber ||    11
    Use: Potion            ||     1
   Stab: Sleeping          ||     5
 Armour: Robe              ||     4
         Skin              ||     3
  Dodge: Dodged            ||    36
